 Dungeon Crawl Stone Soup version 0.28.0-45-g0d030f2227 (webtiles) character file.

Game seed: 11262208636385451124

863 NinjaNoafa the Skirmisher (level 8, -18/70 HPs)
             Began as a Hill Orc Fighter on Apr 18, 2022.
             Was an Initiate of Gozag.
             Demolished by an ogre
             ... wielding a +0 giant club
              (21 damage)
             ... on level 5 of the Dungeon.
             The game lasted 00:11:43 (5621 turns).

NinjaNoafa the Skirmisher (Hill Orc Fighter)        Turns: 5621, Time: 00:11:43

Health: -18/70     AC:  6    Str: 21    XL:     8   Next: 3%
Magic:  8/8        EV: 10    Int:  8    God:    Gozag
Gold:   329        SH:  5    Dex: 10    Spells: 7/7 levels left

rFire   . . .      SeeInvis .   w - +2 trident (vamp)
rCold   + . .      Faith    .   c - +0 buckler
rNeg    . . .      Spirit   .   e - +2 leather armour {rF+}
rPois   +          Reflect  .   (helmet restricted)
rElec   .          Harm     .   (no cloak)
rCorr   +          Rampage  .   (no gloves)
Will    .....                   i - +0 pair of boots
Stlth   +.........              (no amulet)
HPRegen 0.21/turn               p - ring of resist corrosion
MPRegen 0.11/turn               d - ring of ice

@: no status effects
A: horns 1, poison resistance
a: Renounce Religion, Potion Petition, Call Merchant, Bribe Branch


You were on level 5 of the Dungeon.
You worshipped Gozag.
Gozag was aware of your devotion.
You visited 2 branches of the dungeon, and saw 6 of its levels.

You collected 365 gold pieces.
You paid 36 gold pieces to Gozag.

Inventory:

Hand Weapons
 a - a +0 war axe
 w - a +2 vampiric trident (weapon)
Missiles
 k - 69 stones
 n - 3 atropa-tipped darts
 s - a boomerang (quivered)
Armour
 b - a +0 scale mail
 c - a +0 buckler (worn)
 e - a +2 leather armour of fire resistance (worn)
 i - a +0 pair of boots (worn)
 u - a +3 leather armour
 x - a +0 helmet
Jewellery
 d - a ring of ice (right hand)
 h - a ring of fire
 j - a ring of resist corrosion
 p - a ring of resist corrosion (left hand)
 y - a ring of wizardry
Wands
 m - a wand of paralysis (11)
 q - a wand of flame (19)
Scrolls
 f - a scroll of noise
 g - 2 scrolls of torment
 o - a scroll of fear
 r - a scroll of vulnerability
Potions
 l - a potion of magic
 t - 2 potions of flight


   Skills:
 - Level 5.9 Fighting
 - Level 4.1(5.3) Axes
 - Level 4.4(5.0) Polearms
 - Level 5.2 Armour
 - Level 5.3 Shields
 + Level 2.5 Evocations


You had 7 spell levels left.
You didn't know any spells.
Your spell library was empty.

Dungeon Overview and Level Annotations

Branches:
Dungeon (5/15)             Temple (1/1) D:4

Altars:
Ashenzari
Elyvilon
Fedhas
Gozag
Hepliaklqana
Kikubaaqudgha
Makhleb
Qazlal
Sif Muna
Xom
Yredelemnul
The Shining One

Shops:
D:2 *


Innate Abilities, Weirdness & Mutations

You have a pair of small horns on your head.
Your system is resistant to poisons. (rPois)


Message History

The hound is lightly wounded.
The hound bites you.
You barely miss the hound.
The hound is lightly wounded.
The hound bites you. The hound closely misses you.
You closely miss the hound.
The hound is lightly wounded.
You block the hound's attack. The hound bites you.
You puncture the hound!
You feel better.
Your headbutt misses the hound.
The hound is severely wounded.
The hound bites you.
You hit the hound.
You feel better.
The hound is severely wounded.
The hound bites you. The hound completely misses you.
You hit the hound.
You kill the hound!
You have reached level 8!
You completely miss the ogre.
The ogre is lightly wounded.
The ogre hits you with a +0 giant club!
* * * LOW HITPOINT WARNING * * *
You barely miss the ogre.
The ogre is lightly wounded.
The ogre closely misses you.
You hit the ogre.
You feel better.
You headbutt the ogre, but do no damage.
The ogre is lightly wounded.
You block the ogre's attack.
Okay, then.
There is a stone staircase leading up here.
You barely miss the ogre. You headbutt the ogre.
The ogre is moderately wounded.
The ogre hits you with a +0 giant club!!
* * * LOW HITPOINT WARNING * * *
Okay, then.
As you read the scroll of identify, it crumbles to dust.
o - a scroll of fear The ogre hits you with a +0 giant club!!
You die...
Your body crumbles into a pile of gold.

###########
#....)....#
#..>.@....#
#....O....#
#......<..#
#.........#
#.........#
#.........#
##..#.#####
#.##.#
#.##.#


You could see an ogre.

Vanquished Creatures
  A black bear (D:5)
  A necrophage (D:4)
  A centaur (D:5)
  A scorpion (D:4)
  A water moccasin skeleton (D:4)
  3 hounds
  A jelly (D:4)
  An orc priest (D:4)
  2 iguanas (D:4)
  Ijyb (D:4)
  An orc wizard (D:4)
  A hound skeleton (D:4)
  3 gnolls (D:4)
  9 adders
  A white imp (D:4)
  An ufetubus (D:4)
  4 worms
  2 adder skeletons (D:4)
  3 dart slugs
  9 orcs
  10 ball pythons
  10 bats
  11 endoplasms
  A giant cockroach (D:2)
  11 goblins
  2 hobgoblins
  3 jackals (D:4)
  A quokka (D:3)
  6 frilled lizards
  7 kobolds
  6 rats
115 creatures vanquished.

Vanquished Creatures (others)
  An orc wizard (D:4)
  An orc (D:4)
  3 plants (D:4)
5 creatures vanquished.

Grand Total: 120 creatures vanquished

Notes
Turn   | Place    | Note
-------+----------+-------------------------------------------
     0 | D:1      | NinjaNoafa the Hill Orc Fighter began the quest for the
                  | Orb.
     0 | D:1      | Reached XP level 1. HP: 19/19 MP: 1/1
   113 | D:1      | Reached XP level 2. HP: 27/27 MP: 2/2
   643 | D:1      | Reached XP level 3. HP: 33/33 MP: 3/3
  1305 | D:2      | Found Peock's Assorted Antiques.
  1311 | D:2      | Reached XP level 4. HP: 40/40 MP: 4/4
  2667 | D:3      | Found a faded altar of an unknown god.
  3003 | D:3      | Reached XP level 5. HP: 32/47 MP: 5/5
  3651 | D:4      | Found a staircase to the Ecumenical Temple.
  3709 | Temple   | Entered the Ecumenical Temple
  3790 | Temple   | Became a worshipper of Gozag Ym Sagoz the Greedy
  3826 | D:4      | Noticed a necrophage
  3839 | D:4      | Killed a necrophage
  3840 | D:4      | Reached skill level 5 in Fighting
  3840 | D:4      | Reached skill level 1 in Polearms
  3840 | D:4      | Reached XP level 6. HP: 43/56 MP: 6/6
  3934 | D:4      | Noticed Ijyb
  3951 | D:4      | Gained mutation: You have a pair of small horns on your
                  | head. [potion of mutation]
  3951 | D:4      | Gained mutation: Your system is resistant to poisons.
                  | (rPois) [potion of mutation]
  4001 | D:4      | HP: 1/56 [Ijyb/+0 club (4)]
  4516 | D:4      | Killed Ijyb
  4517 | D:4      | Reached skill level 5 in Shields
  4630 | D:4      | Reached XP level 7. HP: 57/61 MP: 7/7
  4661 | D:4      | Reached skill level 5 in Armour
  5032 | D:4      | Found a glowing golden altar of the Shining One.
  5032 | D:4      | Found a stormy altar of Qazlal.
  5035 | D:4      | Found a hazy altar of Hepliaklqana.
  5529 | D:5      | Entered Level 5 of the Dungeon
  5535 | D:5      | Reached skill level 1 in Evocations
  5608 | D:5      | Reached XP level 8. HP: 29/70 MP: 8/8
  5618 | D:5      | HP: 2/70 [ogre/+0 giant club (19)]
  5621 | D:5      | Demolished by an ogre

Illustrated notes

Levels and vault maps discovered:
D:1:      enne_arrival_octagon_isle, layout_loops_ring
D:2:      layout_rooms, serial_shops, shop
D:3:      corexii_shack_village, layout_loops_corners,
          ebering_ecumenical_altar_sacrificial, dk_noncrumbling_2,
          minmay_misc_feat_enclosed, minmay_statues_item
D:4:      layout_loops_ring, gammafunk_temple_overflow_forgotten,
          minmay_temple_entry_junction, uniq_ijyb
D:5:      layout_rooms, kennysheep_generic_room_14
Temple:   regret_index_temple_mists

Skill      XL: |  1  2  3  4  5  6  7 |
---------------+----------------------+-----
Axes           | 3 4 |  4.1
Fighting       | 4 5 |  5.9
Armour         | 4 5 |  5.2
Shields        | 4 5 |  5.3
Polearms       | 1 2 4 |  4.4
Evocations     | 2 |  2.5

Action                   |  1- 3 |  4- 6 |  7- 9 || total
-------------------------+-------+-------+-------++-------
Melee: War axe           |    98 |   104 |       ||   202
       Trident           |       |    93 |    98 ||   191
       Headbutt          |       |    13 |    14 ||    27
Throw: Boomerang         |       |    52 |       ||    52
  Use: Potion            |       |     8 |       ||     8
       Scroll            |       |     9 |     1 ||    10
Armor: Scale mail        |    62 |    55 |       ||   117
       Leather armour    |       |    77 |    25 ||   102
Dodge: Dodged            |    43 |   202 |    43 ||   288
Block: Buckler           |    26 |    75 |    27 ||   128
